 Dungeon Sprint DCSS version 0.29-a0-384-g6960b1960d (webtiles) character file.

Game seed: 1660230961905950555

31594 mhtbhm the Slayer (level 13, -24/208 (223) HPs)
             Began as a Minotaur Berserker on May 7, 2022.
             Was the Champion of Trog.
             Killed from afar by a shadow dragon (40 damage)
             ... with a bolt of negative energy
             ... while paralysed by a floating eye
             ... in the Dungeon (Sprint VII: "The Pits").
             The game lasted 00:10:58 (4447 turns).

mhtbhm the Slayer (Minotaur Berserker)              Turns: 4447, Time: 00:10:58

HP:   -24/208 (223) AC: 30    Str: 28    XL:     13   Next: 26%
MP:   11/12         EV:  2    Int: 10    God:    Trog [******]
Gold: 13            SH:  0    Dex:  9    Spells: 12/12 levels left

rFire   . . .      SeeInvis .   a - +4 dire flail (flame)
rCold   . . .      Faith    .   (shield currently unavailable)
rNeg    . . .      Spirit   .   b - +4 plate armour {Will+}
rPois   +          Reflect  .   (helmet restricted)
rElec   .          Harm     .   (no cloak)
rCorr   .          Rampage  .   n - +0 pair of gloves
Will    +++..      NoTele   +   (no boots)
Stlth   ..........              w - amulet of the acrobat
HPRegen 1.44/turn               t - ring of poison resistance
MPRegen 0.13/turn               D - ring "Doafomy" {AC+4 Int+6 Stlth+}

@: paralysed, berserking (expiring), strong-willed, regenerating, drained
A: horns 2, retaliatory headbutt
a: Renounce Religion, Berserk, Trog's Hand, Brothers in Arms


You were in the Dungeon.
You worshipped Trog.
Trog was exalted by your worship.
You visited 1 branch You collected 13 gold pieces.

Inventory:

Hand Weapons
 a - a +4 dire flail of flaming (weapon)
 A - a +6 antimagic dire flail
 G - the +6 morningstar of Rotation {freeze, rN+ rCorr Dex+4}
   (You took it off a death knight in the Dungeon)

   It freezes those it strikes, dealing additional cold damage.
   It can also slow down cold-blooded creatures.
   Dex:       It affects your dexterity (+4).
   rN:        It protects you from negative energy.
   rCorr:     It protects you from acid and corrosion.
 H - the +5 demon whip of Killer Bee's Foe {flame, rF- Will+ rCorr Stlth+}
   (Trog gifted it to you in the Dungeon)

   It burns those it strikes, dealing additional fire damage.
   rF:        It makes you vulnerable to fire.
   rCorr:     It protects you from acid and corrosion.
   Will:      It increases your willpower.
   Stlth:     It makes you more stealthy.
Missiles
 p - 19 poisoned darts (quivered)
 z - 3 javelins
Armour
 b - a +4 plate armour of willpower (worn)
 n - a +0 pair of gloves (worn)
Jewellery
 t - a ring of poison resistance (left hand)
 v - a ring of protection from cold
 w - an amulet of the acrobat (around neck)
 B - a ring of fire
 C - the ring "Ocinamp" {*Slow Will+ Str+5}
   (You found it in the Dungeon)

   [ring of willpower]

   Str:       It affects your strength (+5).
   *Slow:     It may slow you when you take damage.
   Will:      It increases your willpower.
 D - the ring "Doafomy" (right hand) {AC+4 Int+6 Stlth+}
   (You found it in the Dungeon)

   [ring of protection]

   AC:        It affects your AC (+4).
   Int:       It affects your intelligence (+6).
   Stlth:     It makes you more stealthy.
Scrolls
 h - 3 scrolls of blinking
 i - a scroll of summoning
 q - a scroll of fear
 r - 4 scrolls of enchant weapon
 s - 7 scrolls of enchant armour
 u - 2 scrolls of identify
Potions
 c - 2 potions of invisibility
 d - 6 potions of curing
 e - 5 potions of haste
 f - 4 potions of magic
 g - 4 potions of berserk rage
 j - 13 potions of heal wounds
 m - 2 potions of resistance
 o - a potion of mutation
 x - a potion of might
Miscellaneous
 y - a lightning rod (4/4)


   Skills:
 + Level 23.6 Fighting
 + Level 23.1 Maces & Flails
 + Level 22.4 Armour
 + Level 11.3 Dodging
 + Level 1.8 Stealth
 + Level 5.0 Evocations


You had 12 spell levels left.
You didn't know any spells.
Your spell library was empty.

Dungeon Overview and Level Annotations

Branches:
Dungeon (1/1)

Altars:
Cheibriados
Dithmenos
Elyvilon
Fedhas
Gozag
Hepliaklqana
Makhleb
Nemelex Xobeh
Okawaru
Qazlal
Ru
Sif Muna
Trog
Wu Jian
Xom
Yredelemnul
Zin
The Shining One
Jiyva


Innate Abilities, Weirdness & Mutations

You have a pair of horns on your head.
You reflexively headbutt those who attack you in melee.


Message History

You barely miss the Tzitzimitl. You headbutt the Tzitzimitl!!
The Tzitzimitl is moderately wounded.
Unknown command.
You miss the Tzitzimitl. You headbutt the Tzitzimitl!
The Tzitzimitl is moderately wounded.
The Tzitzimitl barely misses you. The Tzitzimitl bites you.
* * * LOW HITPOINT WARNING * * *
The yellow draconian barely misses you.
The shadow dragon bites you but does no damage.
The shadow dragon barely misses you.
The shadow dragon claws you but does no damage.
You closely miss the Tzitzimitl.
The Tzitzimitl is moderately wounded.
Unknown command.
You sock the Tzitzimitl! You burn the Tzitzimitl.
The Tzitzimitl is heavily wounded.
You impale the Tzitzimitl!! You burn the Tzitzimitl!
You headbutt the Tzitzimitl, but do no damage.
The Tzitzimitl is almost dead.
The Tzitzimitl engulfs you but does no damage.
The Tzitzimitl misses you.
The yellow draconian hits you with a +0 scimitar.
* * * LOW HITPOINT WARNING * * *
The shadow dragon closely misses you.
The shadow dragon claws you but does no damage.
The shadow dragon claws you.
* * * LOW HITPOINT WARNING * * *
The floating eye gazes piercingly through you!
You suddenly lose the ability to move!
The Tzitzimitl calls on the powers of darkness!
The yellow draconian convulses!
The shadow dragon convulses!
Your body is wracked with pain!
* * * LOW HITPOINT WARNING * * *
The floating eye convulses!
The yellow draconian spits acid at you. The glob of acid hits you!
* * * LOW HITPOINT WARNING * * *
The shadow dragon breathes negative energy at you.
The bolt of negative energy hits you!!!
You feel drained.
You die...

,**,,+,***+*,,**+*
*,,*****,**,,***,*
+**+,*,**+,,** *+*
,*,****+*,,+** *,*
*****,**,,**,**#+#
***,**+,,*+**+##.##
,***+*,,+**,*,#G2§#
,,***,,**,***++D1d#
*** ******* ***#@#*
***************#§#
,,,,,,,,*,,*,,*#)#
,,,,,,,,*,,*,,*#§#
******,,*++*++*#§#
,,,,,*,,,,,,,,*#'#
,,,,,*,,,,,,,,*#.#
,,,,,+,,*,,*,,*#'#
,,,,,*,,,,,,,,*#.#


You could see a shadow dragon (catching breath), a Tzitzimitl, a yellow
draconian (catching breath), a green death and a floating eye.

Vanquished Creatures
  A Killer Klown (D)
  A titan (D)
  A sphinx (D)
  A nagaraja (D)
  A ghost moth (D)
  An emperor scorpion (D)
  A balrug (D)
  A draconian scorcher (D)
  A cacodemon (D)
  A red draconian (D)
  A minotaur (D)
  A green death (D)
  A fire dragon (D)
  Erolcha (D)
  A boulder beetle (D)
  A death knight (D)
  An alligator (D)
  A death yak (D)
  An orc high priest (D)
  A sixfirhy (D)
  A sea snake (D)
  A flayed ghost (D)
  A deep elf pyromancer (D)
  A necromancer (D)
  An elephant (D)
  A cyclops (D)
  2 manticores (D)
  A rust devil (D)
  2 smoke demons (D)
  A cane toad (D)
  A gargoyle (D)
  An orange demon (D)
  2 demonic crawlers (D)
  An unseen horror (D)
  3 yaktaurs (D)
  5 kobold demonologists (D)
  A hellwing (D)
  2 polar bears (D)
  A hornet (D)
  4 dream sheep (D)
  A spriggan (D)
  A flying skull (D)
  A ynoxinul (D)
  2 water elementals (D)
  2 wraiths (D)
  A shadow (D)
  2 wyverns (D)
  A redback (D)
  3 vampire mosquitoes (D)
  A chaos spawn (D)
  A warg (D)
  2 floating eyes (D)
  4 orc warriors (D)
  A sky beast (D)
  An ice beast (D)
  A swamp drake (D)
  An ogre (D)
  A small abomination (D)
  4 kobold brigands (D)
  An earth elemental (D)
  A necrophage (D)
  3 scorpions (D)
  5 wights (D)
  4 killer bees (D)
  3 orc priests (D)
  A jelly (D)
  A gnoll shaman (D)
  An iguana (D)
  A hell rat (D)
  2 orc wizards (D)
  6 gnolls (D)
  A river rat (D)
  A white imp (D)
  An adder skeleton (D)
  An adder zombie (D)
  A worm (D)
  7 orcs (D)
  2 ball pythons (D)
  A hobgoblin (D)
  6 jackals (D)
  2 quokkas (D)
  2 ball python zombies (D)
  2 bats (D)
  2 bat simulacra (D)
  A giant cockroach zombie (D)
  A goblin (D)
  A jackal zombie (D)
  10 kobolds (D)
  A quokka skeleton (D)
156 creatures vanquished.

Vanquished Creatures (collateral kills)
  A merfolk aquamancer (D)
  A death knight (D)
  An unseen horror (D)
  A merfolk (D)
  A wandering mushroom (D)
  3 chaos spawn (D)
  A neqoxec (D)
9 creatures vanquished.

Vanquished Creatures (others)
  An orc (D)
1 creature vanquished.

Grand Total: 166 creatures vanquished

Notes
Turn   | Place    | Note
-------+----------+-------------------------------------------
     0 | D        | mhtbhm the Minotaur Berserker began the quest for the Orb.
     0 | D        | Reached XP level 1. HP: 19/19 MP: 0/0
    13 | D        | Noticed a scorpion
    19 | D        | Killed a scorpion
    20 | D        | Reached XP level 2. HP: 29/31 MP: 1/1
    20 | D        | Reached XP level 3. HP: 36/38 MP: 2/2
   168 | D        | Reached ** piety under Trog
   172 | D        | Reached XP level 4. HP: 43/45 MP: 3/3
   198 | D        | Reached *** piety under Trog
   220 | D        | Noticed a scorpion
   234 | D        | Killed a scorpion
   234 | D        | Reached **** piety under Trog
   235 | D        | Reached XP level 5. HP: 32/53 MP: 4/4
   510 | D        | Noticed an orc warrior
   511 | D        | Noticed an ice beast
   516 | D        | Reached skill level 5 in Dodging
   520 | D        | Reached skill level 5 in Armour
   525 | D        | Reached skill level 10 in Maces & Flails
   525 | D        | Reached XP level 6. HP: 52/64 MP: 5/5
   536 | D        | Killed an orc warrior
   536 | D        | Reached ***** piety under Trog
   537 | D        | Reached skill level 10 in Fighting
   544 | D        | Received a gift from Trog
   548 | D        | Killed an ice beast
   549 | D        | Reached XP level 7. HP: 46/74 MP: 6/6
   780 | D        | Noticed a manticore
   789 | D        | Killed a manticore
   790 | D        | Reached XP level 8. HP: 40/84 MP: 7/7
   971 | D        | Noticed a flying skull
   974 | D        | Paralysed by a floating eye for 4 turns
   981 | D        | Killed a flying skull
   983 | D        | Paralysed by a floating eye for 2 turns
   987 | D        | Received a gift from Trog
  1043 | D        | Noticed a demonic crawler
  1052 | D        | Killed a demonic crawler
  1207 | D        | Found a bloodstained altar of Trog.
  1207 | D        | Found a shimmering blue altar of Sif Muna.
  1207 | D        | Found a viscous altar of Jiyva.
  1207 | D        | Found a hazy altar of Hepliaklqana.
  1207 | D        | Found an opulent altar of Gozag.
  1208 | D        | Found a glowing golden altar of the Shining One.
  1208 | D        | Found a glowing silver altar of Zin.
  1208 | D        | Found a basalt altar of Yredelemnul.
  1208 | D        | Found a shimmering altar of Xom.
  1208 | D        | Found an ornate altar of the Wu Jian Council.
  1208 | D        | Found a sacrificial altar of Ru.
  1208 | D        | Found a stormy altar of Qazlal.
  1208 | D        | Found an iron altar of Okawaru.
  1208 | D        | Found a sparkling altar of Nemelex Xobeh.
  1208 | D        | Found a burning altar of Makhleb.
  1208 | D        | Found a blossoming altar of Fedhas.
  1208 | D        | Found a white marble altar of Elyvilon.
  1208 | D        | Found a shadowy altar of Dithmenos.
  1208 | D        | Found a snail-covered altar of Cheibriados.
  1229 | D        | Noticed a polar bear
  1229 | D        | Noticed a cane toad
  1235 | D        | Killed a cane toad
  1235 | D        | Received a gift from Trog
  1236 | D        | Reached skill level 15 in Maces & Flails
  1236 | D        | Reached skill level 10 in Armour
  1236 | D        | Reached XP level 9. HP: 69/95 MP: 8/8
  1242 | D        | Killed a polar bear
  1368 | D        | Noticed Erolcha
  1377 | D        | Received a gift from Trog
  1379 | D        | Killed Erolcha
  1380 | D        | Reached skill level 15 in Fighting
  1523 | D        | Noticed a polar bear
  1526 | D        | Killed a polar bear
  1526 | D        | Reached ****** piety under Trog
  1585 | D        | Received a gift from Trog
  1595 | D        | Reached XP level 10. HP: 81/106 MP: 9/9
  1712 | D        | Noticed an orange demon
  1730 | D        | Killed an orange demon
  1730 | D        | Received a gift from Trog
  2027 | D        | Noticed a nagaraja
  2027 | D        | Noticed an orc high priest
  2034 | D        | Reached skill level 10 in Dodging
  2038 | D        | Received a gift from Trog
  2047 | D        | Noticed an orange demon
  2049 | D        | Killed a nagaraja
  2050 | D        | Reached skill level 15 in Armour
  2052 | D        | Received a gift from Trog
  2055 | D        | Killed an orc high priest
  2380 | D        | Noticed a rust devil
  2380 | D        | Noticed a cyclops
  2384 | D        | Noticed an elephant
  2385 | D        | Noticed a death yak
  2393 | D        | Noticed a manticore
  2393 | D        | Killed a rust devil
  2394 | D        | Killed a cyclops
  2395 | D        | Reached XP level 11. HP: 119/119 MP: 10/10
  2401 | D        | Received a gift from Trog
  2410 | D        | Killed a death yak
  2420 | D        | Received a gift from Trog
  2530 | D        | Got the +0 plate armour "Vifatec" {Str+3 Dex+2}
  2654 | D        | Noticed a minotaur
  2655 | D        | Received a gift from Trog
  2667 | D        | Killed a minotaur
  2940 | D        | Noticed a necromancer
  2948 | D        | Killed a necromancer
  2948 | D        | Received a gift from Trog
  2994 | D        | Received a gift from Trog
  3012 | D        | Reached skill level 1 in Stealth
  3208 | D        | Noticed a fire dragon
  3208 | D        | Noticed a sphinx
  3208 | D        | Noticed a death knight
  3208 | D        | Noticed a boulder beetle
  3213 | D        | Killed a fire dragon
  3213 | D        | Received a gift from Trog
  3220 | D        | Killed a sphinx
  3230 | D        | Reached XP level 12. HP: 68/134 MP: 11/11
  3230 | D        | Received a gift from Trog
  3233 | D        | Killed a boulder beetle
  3233 | D        | Killed a death knight
  3288 | D        | Got the ring "Ocinamp" {*Slow Will+ Str+5}
  3438 | D        | Noticed a merfolk aquamancer
  3443 | D        | Killed a merfolk aquamancer
  3443 | D        | Identified the +5 demon whip of Killer Bee's Foe {flame,
                  | rF- Will+ rCorr Stlth+} (Trog gifted it to you in the
                  | Dungeon)
  3443 | D        | Received a gift from Trog
  3444 | D        | Reached skill level 1 in Evocations
  3447 | D        | Noticed an emperor scorpion
  3452 | D        | Identified the +6 morningstar of Rotation {freeze, rN+
                  | rCorr Dex+4}
  3452 | D        | Noticed a death knight
  3455 | D        | Killed an emperor scorpion
  3468 | D        | Killed a death knight
  3471 | D        | Received a gift from Trog
  3474 | D        | Noticed an alligator
  3480 | D        | Noticed a balrug
  3485 | D        | Killed a balrug
  3490 | D        | Killed an alligator
  3490 | D        | Received a gift from Trog
  3510 | D        | Received a gift from Trog
  3535 | D        | Got the ring "Doafomy" {AC+4 Int+6 Stlth+}
  3925 | D        | Noticed a cacodemon
  3930 | D        | Killed a cacodemon
  3930 | D        | Received a gift from Trog
  3951 | D        | Noticed a Killer Klown
  3958 | D        | Killed a Killer Klown
  3959 | D        | Reached XP level 13. HP: 138/148 MP: 12/12
  4035 | D        | Noticed a green death
  4043 | D        | Killed a green death
  4299 | D        | Noticed a titan
  4306 | D        | Killed a titan
  4368 | D        | Killed a ghost moth
  4430 | D        | Noticed a green death
  4430 | D        | Noticed a shadow dragon
  4430 | D        | Noticed a yellow draconian
  4430 | D        | Noticed a Tzitzimitl
  4430 | D        | Noticed a red draconian
  4430 | D        | Noticed a red draconian scorcher
  4437 | D        | Killed a red draconian scorcher
  4437 | D        | Identified the +8 eveningstar "Umpianiz" {vorpal, Fly}
                  | (Trog gifted it to you in the Dungeon)
  4437 | D        | Received a gift from Trog
  4438 | D        | Reached skill level 5 in Evocations
  4440 | D        | Killed a red draconian
  4446 | D        | Paralysed by a floating eye for 2 turns
  4447 | D        | Killed from afar by a shadow dragon

Illustrated notes

Levels and vault maps discovered:
D:        pitsprint [storerooms_1, entrance_room_1, metal_vault_4, armoury_1,
          mini_pit_1, grid_room_1, main_hall_1, silver_pit, the_coven_3,
          the_vestibule_1, steel_vault_5, golden_pit, hallway_of_sentries,
          crystal_vault_1, iron_vault_5, final_vault]

Skill      XL: |  1  2  3  4  5  6  7  8  9 10 11 12 13 |
---------------+----------------------------------------+-----
Fighting       | 6 8 9 11 12 14 15 18 20 23 | 23.6
Maces & Flails | 6 7 8 10 11 13 15 16 18 20 22 23 | 23.1
Armour         | 3 4 5 6 8 10 13 15 18 21 22 | 22.4
Dodging        | 3 4 6 7 8 9 10 11 | 11.3
Stealth        | 1 |  1.8
Evocations     | 4 5 |  5.0

Action                   |  1- 3 |  4- 6 |  7- 9 | 10-12 | 13-15 || total
-------------------------+-------+-------+-------+-------+-------++-------
Melee: Mace              |    10 |    16 |       |       |       ||    26
       Headbutt          |       |     9 |    22 |    40 |     9 ||    80
       Flail             |       |    32 |    54 |       |       ||    86
       Morningstar       |       |       |    29 |       |       ||    29
       Dire flail        |       |       |    17 |   226 |    31 ||   274
Invok: Berserk           |     1 |     2 |     3 |     5 |     2 ||    13
       Brothers in Arms  |       |       |       |     2 |       ||     2
       Trog's Hand       |       |       |       |       |     1 ||     1
Evoke: Lightning rod     |       |       |       |    10 |       ||    10
  Use: Potion            |     1 |     2 |       |     4 |     2 ||     9
       Scroll            |       |       |       |     1 |     1 ||     2
Armor: Animal skin       |     3 |     3 |       |       |       ||     6
       Plate armour      |       |    19 |    31 |    95 |    18 ||   163
       Chain mail        |       |       |    33 |    38 |       ||    71
Dodge: Dodged            |     7 |    21 |    45 |   131 |    10 ||   214

Table legend: (Time is in decaauts)
 A = Elapsed time spent in this place.
 B = Non-inter-level travel time spent in this place.
 C = Inter-level travel time spent in this place.
 D = Time resting spent in this place.
 E = Time spent auto-exploring this place.
 F = Levels seen in this place.
 G = Mean time per level.
                   A        B        C        D        E       F      G
               +--------+--------+--------+--------+--------+-----+--------+
         Total |   4413 |   4413 |      0 |   2892 |     78 |   1 | 4413.0 |
       Dungeon |   4413 |   4413 |      0 |   2892 |     78 |   1 | 4413.0 |
               +--------+--------+--------+--------+--------+-----+--------+

Top non-repeatable levels by time:
       D: 4413 daAuts
